 Dungeon Crawl Stone Soup version 0.25.0-9-g26727b657a (webtiles) character file.

Game seed: 10386359871009277650

4349 gruber the Grappler (level 10, 3/98 HPs)
             Began as a Troll Fighter on June 17, 2020.
             Quit the game on level 7 of the Dungeon.
             The game lasted 00:09:46 (7395 turns).

gruber the Grappler (Troll Fighter)                 Turns: 7395, Time: 00:09:47

Health: 3/98       AC:  6    Str: 29    XL:     10   Next: 12%
Magic:  9/9        EV:  8    Int:  6    God:
Gold:   422        SH:  9    Dex:  9    Spells: 9/9 levels left

rFire    . . .     SeeInvis .     - Unarmed
rCold    . . .     Gourm    +   b - +0 kite shield
rNeg     . . .     Faith    .   a - +0 robe
rPois    +         Spirit   .   (helmet restricted)
rElec    .         Reflect  .   (no cloak)
rCorr    .         Harm     .   (gloves unavailable)
MR       +++..                  (boots unavailable)
Stlth    ..........             J - amulet "Plog" {RegenMP *Contam rPois MR++ Int+2}
HPRegen  0.66/turn              h - ring of protection from magic
MPRegen  0.36/turn              u - ring of attention (curse)

@: lethally poisoned (3 -> -1)
A: large, unfitting armour, claws 3, fast metabolism 3, gourmand, regeneration
1, shaggy fur 1, tough skin 3
a: no special abilities


You were on level 7 of the Dungeon.
You were not hungry.

You visited 1 branch of the dungeon, and saw 8 of its levels.
You also visited: Ossuary.

You collected 514 gold pieces.
You spent 92 gold pieces at shops.

Inventory:

Missiles
 l - 4 large rocks
 s - 5 javelins (quivered)
 G - 7 curare-tipped darts
Armour
 a - a +0 robe (worn)
 b - a +0 kite shield (worn)
Jewellery
 h - a ring of protection from magic (left claw)
 u - a cursed ring of attention (right claw)
 D - a +6 ring of intelligence
 J - the amulet "Plog" (around neck) {RegenMP *Contam rPois MR++ Int+2}
   (You found it on level 7 of the Dungeon)

   [amulet of magic regeneration]

   It increases your magic regeneration.
   It affects your intelligence (+2).
   It protects you from poison.
   It affects your resistance to hostile enchantments.
   It causes magical contamination when unequipped.
Wands
 q - a wand of flame (30)
 A - a wand of disintegration (15)
 C - a wand of polymorph (7)
Scrolls
 e - 2 scrolls of fear {unknown}
 f - 3 scrolls of remove curse {unknown}
 m - 4 scrolls of blinking {unknown}
 n - 14 scrolls of identify {unknown}
 o - 3 scrolls of fog {unknown}
 t - 3 scrolls of immolation {unknown}
 w - a scroll of enchant weapon {unknown}
 x - a scroll of noise {unknown}
 y - a scroll of amnesia {unknown}
 E - a scroll of enchant armour {unknown}
 H - a scroll of random uselessness {unknown}
Potions
 c - a potion of might
 g - 2 potions of stabbing
 i - 2 potions of flight {unknown}
 j - 2 potions of heal wounds {unknown}
 k - 4 potions of haste {unknown}
 p - a potion of invisibility {unknown}
 r - 2 potions of lignification
 v - 2 potions of brilliance {unknown}
 z - 2 potions of curing {unknown}
 B - a potion of berserk rage {unknown}
 F - 2 potions of mutation {unknown}
 I - a potion of ambrosia {unknown}
Comestibles
 d - 12 rations


   Skills:
 * Level 6.0 Fighting
 - Level 2.4 Dodging
 - Level 2.4 Shields
 - Level 13.0 Unarmed Combat


You had 9 spell levels left.
You didn't know any spells.
Your spell library contained the following spells:

 Spells                   Type           Power        Failure   Level  Hunger
 Infusion                 Chrm           #...         90%         1    ##.....
 Shroud of Golubria       Chrm/Tloc      #.....       97%         2    ###....
 Song of Slaying          Chrm           #.......     97%         2    ###....
 Ozocubu's Armour         Chrm/Ice       #.......     99%         3    ####...
 Spectral Weapon          Hex/Chrm       #.......     99%         3    ####...
 Fireball                 Conj/Fire      #.........   100%        5    ######.
 Iskenderun's Battlesphe  Conj/Chrm      #.......     100%        5    ######.
 Ring of Flames           Chrm/Fire      #.........   100%        7    #######


Dungeon Overview and Level Annotations

Branches:
Dungeon (8/15)             Temple (0/1) D:7         Ossuary (visited)
   Lair: D:8-11

Altars:
Elyvilon
Fedhas
Makhleb
Trog
Wu Jian
Zin

Shops:
D:5 *


Innate Abilities, Weirdness & Mutations

You are too large for most types of armour.
You have claws for hands.
Your metabolism is lightning-fast.
You like to eat raw meat.
Your natural rate of healing is unusually fast.
You are covered in fur. (AC +1)
You have extremely tough skin. (AC +3)


Message History

Unknown command.
Unknown command.
Unknown command.
Unknown command.
You closely miss the killer bee.
You feel sick. You block the killer bee's attack. The killer bee stings you.
* * * LOW HITPOINT WARNING * * *
The killer bee stings you.
* * * LOW HITPOINT WARNING * * *
The killer bee barely misses you.
You claw the killer bee!
The killer bee is almost dead.
You feel sick. The killer bee barely misses you. The killer bee stings you.
* * * LOW HITPOINT WARNING * * *
Unknown command.
Unknown command.
You have 422 gold pieces.
Unknown command.
Unknown command.
Are you sure you want to abandon this character and quit the game? (Confirm with "yes".)

#.......<## #.....[[[..
##### #.......... #...#
#.......... #...#
#.......... ##### #...#
#.......... #...## #...#
#...####รท##
#.#..###...###...####.##
#.>...y@................
##.#..y#....#...##......
#.#####......#....#####
#.# #...######### ###
#.#####.#############.#
#.#.....'_'...........#
#.#.#################.#
#.#.# #........##).
#)#.# #.###.....#.#


You could see 2 killer bees.

Vanquished Creatures
  Grinder (D:6)
  3 hungry ghosts
  2 sky beasts (D:7)
  2 orc warriors
  4 ice beasts
  2 centaurs
  4 ogres
  Blork the orc (D:6)
  A big kobold (D:7)
  A bullfrog (D:7)
  A water moccasin skeleton (D:7)
  A wyvern skeleton (D:7)
  7 killer bees (D:7)
  13 wights
  A howler monkey (D:6)
  2 crimson imps (D:7)
  2 hounds
  4 centaur zombies (Ossuary)
  2 bullfrog skeletons
  2 orc priests
  2 centaur skeletons (D:7)
  2 iguanas
  Natasha (thrice) (D:3)
  7 orc wizards
  4 worker ants
  5 big kobold zombies (Ossuary)
  A hound zombie (D:7)
  2 hound skeletons
  6 mummies (Ossuary)
  6 gnolls
  8 adders
  2 oozes
  2 adder zombies
  2 adder skeletons
  6 worms
  A dart slug (D:1)
  6 leopard geckos
  21 orcs
  9 giant cockroaches
  9 goblins
  10 hobgoblins
  6 jackals
  16 kobolds
  2 quokkas
  A ball python (D:3)
  9 bats
  7 frilled lizards
  A jackal zombie (D:5)
  A leopard gecko skeleton (D:7)
  A leopard gecko zombie (D:3)
  A quokka skeleton (D:4)
  6 rats
  2 fungi (D:3)
223 creatures vanquished.

Notes
Turn   | Place    | Note
-------+----------+-------------------------------------------
     0 | D:1      | gruber the Troll Fighter began the quest for the Orb.
     0 | D:1      | Reached XP level 1. HP: 22/22 MP: 0/0
   168 | D:1      | Reached XP level 2. HP: 29/29 MP: 1/1
   287 | D:1      | Reached skill level 3 in Unarmed Combat
   587 | D:1      | Reached XP level 3. HP: 32/36 MP: 2/2
   953 | D:2      | Reached skill level 4 in Unarmed Combat
  1096 | D:2      | Reached XP level 4. HP: 38/44 MP: 3/3
  1793 | D:3      | Found a blossoming altar of Fedhas.
  1801 | D:2      | Reached skill level 5 in Unarmed Combat
  1838 | D:2      | Reached XP level 5. HP: 36/50 MP: 4/4
  2045 | D:3      | Noticed Natasha
  2051 | D:3      | Killed Natasha
  2085 | D:3      | Reached skill level 6 in Unarmed Combat
  2419 | D:3      | Noticed Natasha
  2424 | D:3      | Killed Natasha
  2497 | D:3      | Noticed Natasha
  2505 | D:3      | Killed Natasha
  2505 | D:3      | Reached XP level 6. HP: 48/59 MP: 5/5
  2760 | D:4      | Found a burning altar of Makhleb.
  2762 | D:4      | Noticed a balrug
  2868 | D:4      | Reached skill level 7 in Unarmed Combat
  3462 | D:5      | Entered Level 5 of the Dungeon
  3697 | D:5      | Reached XP level 7. HP: 66/66 MP: 6/6
  3758 | D:5      | Found a bloodstained altar of Trog.
  3812 | D:5      | Reached skill level 8 in Unarmed Combat
  3845 | D:5      | Found Lefic's Assorted Antiques.
  3853 | D:5      | Bought a glowing bone wand for 92 gold pieces
  4261 | D:6      | Reached skill level 9 in Unarmed Combat
  4384 | D:6      | Found an ornate altar of the Wu Jian Council.
  4405 | D:6      | Reached XP level 8. HP: 37/74 MP: 7/7
  4431 | D:6      | Noticed Blork the orc
  4436 | D:6      | Killed Blork the orc
  4490 | D:6      | Found a sand-covered staircase.
  4535 | D:6      | Reached skill level 10 in Unarmed Combat
  4698 | Ossuary  | Entered an ossuary
  4733 | Ossuary  | HP: 2/74 [centaur zombie (6)]
  4738 | Ossuary  | HP: 3/74 [centaur zombie (1)]
  4743 | Ossuary  | HP: 4/111 [big kobold zombie (2)]
  4749 | Ossuary  | Reached skill level 11 in Unarmed Combat
  4992 | D:6      | Found a white marble altar of Elyvilon.
  5047 | D:6      | Noticed Grinder
  5053 | D:6      | Killed Grinder
  5468 | D:7      | Reached XP level 9. HP: 80/80 MP: 8/8
  5493 | D:7      | Found a glowing silver altar of Zin.
  5522 | D:7      | Reached skill level 12 in Unarmed Combat
  6117 | D:7      | HP: 4/80 [leopard gecko skeleton (1)]
  6148 | D:7      | Reached skill level 13 in Unarmed Combat
  6537 | D:7      | Reached skill level 5 in Fighting
  6561 | D:7      | Identified the +4 dagger of a bazaar {vorpal, *Contam rElec
                  | rC++ SInv}
  6579 | D:7      | Reached XP level 10. HP: 94/96 MP: 9/9
  6583 | D:7      | Identified the Volume of the Blaze and Protection
  6908 | D:7      | Got a shimmering lead amulet
  6909 | D:7      | Identified the amulet "Plog" {RegenMP *Contam rPois MR++
                  | Int+2} (You found it on level 7 of the Dungeon)
  7238 | D:7      | Found a staircase to the Ecumenical Temple.
  7394 | D:7      | HP: 3/98 [killer bee (2)]
  7395 | D:7      | Quit the game

Illustrated notes

Levels and vault maps discovered:
D:1:      scummos_arrival_gate, layout_basic
D:2:      minmay_inner_zag, layout_loops_ring
D:3:      layout_rooms, fedhas_altar_3, minmay_fountain_box, minivault_27,
          uniq_natasha
D:4:      layout_cave_pods, makhleb_altar_promises_db, first_ration
D:5:      layout_loops_ring, lemuel_round_altar, serial_shops,
          nicolae_shop_waterfront
D:6:      layout_basic, lemuel_doored_altar, lemuel_round_altar,
          nicolae_ossuary_entry_false_entrances, item_on_display_a,
          uniq_grinder, uniq_blork_the_orc
D:7:      minmay_the_grid_octo_triangle [minmay_the_grid_octo_chip,
          minmay_the_grid_octo_prize_single_spiral,
          minmay_the_grid_octo_clover_2], layout_basic, kennysheep_mini,
          temple_statues
D:8:      layout_layer_cave, grunt_pizzeria, kennysheep_generic_room_16

Skill      XL: |  1  2  3  4  5  6  7  8  9 10 |
---------------+-------------------------------+-----
Unarmed Combat | 3 4 5 6 7 9 11 13 | 13.0
Fighting       | 5 6 |  6.0
Dodging        | |  2.4
Shields        | |  2.4

Action                   |  1- 3 |  4- 6 |  7- 9 | 10-12 || total
-------------------------+-------+-------+-------+-------++-------
Melee: Unarmed           |   116 |   248 |   325 |    76 ||   765
  Use: Potion            |       |       |     3 |       ||     3
 Stab: Sleeping          |     1 |     1 |       |       ||     2
  Eat: Chunk             |    16 |    24 |    34 |     1 ||    75
       Ration            |       |       |       |     2 ||     2
Armor: Robe              |    45 |    74 |    66 |    17 ||   202
       Skin              |       |       |    15 |       ||    15
Dodge: Dodged            |    17 |    62 |    85 |    28 ||   192
Block: Kite shield       |    42 |   105 |   128 |    36 ||   311
